 Dungeon Crawl Stone Soup version 0.30-a0-347-gf58ed5266c (webtiles) character file.

Game seed: 14663129855689082866

240 TechNoir the Chopper (level 6, -3/48 HPs)
             Began as a Human Berserker on Oct 21, 2022.
             Was a Priest of Trog.
             Splashed by a jelly's acid (10 damage)
             ... in a sewer on Nov 5, 2022.
             The game lasted 00:10:00 (2244 turns).

TechNoir the Chopper (Human Berserker)              Turns: 2244, Time: 00:10:01

Health: -3/48      AC:  1    Str: 19    XL:     6   Next: 30%
Magic:  6/6        EV:  8    Int:  7    God:    Trog [***...]
Gold:   117        SH:  0    Dex: 13    Spells: 5/5 levels left

rFire   . . .      SeeInvis +    t - +0 hand axe (vorpal)
rCold   . . .      Faith    .    (no shield)
rNeg    . . .      Spirit   .    f - +0 chain mail
rPois   .          Reflect  .    (no helmet)
rElec   .          Harm     .    (no cloak)
rCorr   .          Rampage  .    (no gloves)
Will    .....                    (no boots)
Stlth   ..........               (no amulet)
HPRegen 0.28/turn                c - ring of see invisible
MPRegen 0.10/turn                (no ring)

@: corroded, very slow
A: no striking features
a: Renounce Religion, Berserk, Trog's Hand


You were in a sewer.
You worshipped Trog.
Trog was most pleased with you.
You visited 1 branch of the dungeon, and saw 3 of its levels.
You also visited: Sewer.

You collected 117 gold pieces.

Inventory:

Hand Weapons
 a - a +0 hand axe
 g - a +0 sling
 l - a +2 whip of venom
 m - a +0 war axe
 t - a +0 vorpal hand axe (weapon)
Armour
 b - a +0 animal skin
 f - a +0 chain mail (worn)
Jewellery
 c - a ring of see invisible (left hand)
 r - a ring of flight
Scrolls
 d - a scroll of immolation {unknown}
 i - 8 scrolls of identify {unknown}
 j - a scroll of vulnerability {unknown}
 k - 3 scrolls of magic mapping {unknown}
 n - 2 scrolls of teleportation {unknown}
 p - a scroll of acquirement {unknown}
 s - a scroll of torment {unknown}
Potions
 e - 6 potions of curing
 h - a potion of haste {unknown}
 o - a potion of attraction {unknown}
 q - a potion of brilliance {unknown}
 u - a potion of might {unknown}
 v - 3 potions of magic {unknown}


   Skills:
 + Level 4.1 Fighting
 + Level 4.6(4.7) Axes
 + Level 1.6(3.3) Maces & Flails
 + Level 3.0 Armour
 + Level 2.6 Dodging


You had 5 spell levels left.
You didn't know any spells.
Your spell library was empty.

Dungeon Overview and Level Annotations

Branches:
Dungeon (3/15)              Sewer (1/1)

Altars:


Message History

Your unstable footing causes you to fumble your attack.
The endoplasm barely misses you.
You hit the endoplasm but do no damage.
The endoplasm is severely wounded.
The endoplasm hits you but does no damage.
Your unstable footing causes you to fumble your attack.
The endoplasm freezes you.
You are frozen.
You hit the endoplasm.
You kill the endoplasm!
Trog accepts your kill.
You start resting.
HP restored.
A jelly comes into view.
The jelly quivers.
You enter the shallow water.
Moving in this stuff is going to be slow.
Your unstable footing causes you to fumble your attack.
The jelly barely misses you.
Your unstable footing causes you to fumble your attack.
The jelly hits you. The acid corrodes you!
You are splashed with acid!
You slash the jelly!
Your hands burn!
The jelly is severely wounded.
The jelly closely misses you.
Your unstable footing causes you to fumble your attack.
The jelly closely misses you.
You completely miss the jelly.
The jelly is severely wounded.
The jelly hits you. The acid corrodes you!
You are splashed with acid!
You hit the jelly but do no damage. The acid corrodes you!
Your hands burn!
The jelly is severely wounded.
The jelly completely misses you.
Your unstable footing causes you to fumble your attack.
The jelly hits you.
You are splashed with acid!
* * * LOW HITPOINT WARNING * * *
Your unstable footing causes you to fumble your attack.
The jelly hits you.
* * * LOW HITPOINT WARNING * * *
The acid corrodes you!
You are splashed with acid!
You die...

### ##.~ .~~# #~.. #..~.
##~.# #.~# ###.~~#
####..## ##.~..~#
##...~~.####~~~.~##
####~..~.~.~##~~~~####
##....~.###.~~~~~~##~.#
#~..~J@##.##.~~~~##~..#
#~~...##.~#...##~~.~#...##
.~.~~ #~~##.~~~~...##.~~#
..~~ #~.~##.~....~~##†~~
..~ ##∩~~...~~.#~~.#~.. ##
. ##~~..#~.~##.~.~~# ~~
######~.####~..##
...#######~~~# #####
#...~~#~~~~~##


You could see a jelly.

Vanquished Creatures
  A jelly (Sewer)
  Ijyb (D:3)
  Robin (D:3)
  4 adders
  5 worms
  5 dart slugs
  11 ball pythons
  13 endoplasms
  9 giant cockroaches
  12 goblins
  9 hobgoblins
  7 jackals
  3 quokkas
  6 bats
  9 frilled lizards
  5 kobolds
  10 rats
111 creatures vanquished.

Notes
Turn   | Place    | Note
-------+----------+-------------------------------------------
     0 | D:1      | TechNoir the Human Berserker began the quest for the Orb.
     0 | D:1      | Reached XP level 1. HP: 18/18 MP: 1/1
   194 | D:1      | Reached XP level 2. HP: 24/24 MP: 2/2
   329 | D:1      | Found a faded altar of an unknown god.
   444 | D:1      | Reached XP level 3. HP: 29/29 MP: 3/3
   722 | D:1      | Reached ** piety under Trog
   874 | D:2      | Reached XP level 4. HP: 35/35 MP: 4/4
  1487 | D:3      | Found a glowing drain.
  1516 | D:3      | Noticed Robin
  1522 | D:3      | Reached XP level 5. HP: 35/42 MP: 5/5
  1528 | D:3      | Reached skill level 1 in Maces & Flails
  1539 | D:3      | Killed Robin
  1547 | D:3      | Reached *** piety under Trog
  1637 | D:3      | Noticed Ijyb
  1659 | D:3      | Killed Ijyb
  1747 | Sewer    | Entered a sewer
  1894 | Sewer    | Reached XP level 6. HP: 30/48 MP: 6/6
  1894 | Sewer    | Upgraded the game from 0.30-a0-305-g026cb31310 to
                  | 0.30-a0-347-gf58ed5266c
  2244 | Sewer    | Splashed by a jelly's acid

Illustrated notes

Levels and vault maps discovered:
D:1:      ncdulo_watergridlock, layout_rooms, shapermc_ecumenical_altar_pompeii
D:2:      layout_rooms, serial_glass, glass_columns_b, glass_columns_a,
          grunt_ministairs_11, minmay_joined_circles
D:3:      layout_basic, portal_sewer_entry_a, uniq_ijyb,
          uniq_crazy_yiuf_cottage, uniq_robin
Sewer:    sewer_hellmonk_slimy_pipes

Skill      XL: |  1  2  3  4  5  6 |
---------------+-------------------+-----
Axes           | 4 |  4.6
Maces & Flails | 1 |  1.6
Fighting       | 4 |  4.1
Armour         | 3 |  3.0
Dodging        | |  2.6

Action                   |  1- 3 |  4- 6 || total
-------------------------+-------+-------++-------
Melee: Hand axe          |    89 |   142 ||   231
       Whip              |    11 |    61 ||    72
       Punch             |       |     2 ||     2
Invok: Berserk           |     1 |     4 ||     5
       Trog's Hand       |       |     3 ||     3
  Use: Potion            |     1 |       ||     1
Armor: Animal skin       |    14 |       ||    14
       Chain mail        |    41 |   142 ||   183
Dodge: Dodged            |    65 |   112 ||   177

Table legend: (Time is in decaauts)
 A = Elapsed time spent in this place.
 B = Non-inter-level travel time spent in this place.
 C = Inter-level travel time spent in this place.
 D = Time resting spent in this place.
 E = Time spent auto-exploring this place.
 F = Levels seen in this place.
 G = Mean time per level.
                   A        B        C        D        E       F      G
               +--------+--------+--------+--------+--------+-----+--------+
         Total |   2355 |   2259 |     96 |    285 |   1152 |   4 |  588.8 |
       Dungeon |   1803 |   1707 |     96 |     85 |   1030 |   3 |  601.0 |
         Sewer |    551 |    551 |      0 |    199 |    122 |   1 |  551.0 |
               +--------+--------+--------+--------+--------+-----+--------+

Top non-repeatable levels by time:
     D:1: 822 daAuts
     D:2: 658 daAuts
   Sewer: 551 daAuts
     D:3: 322 daAuts
